 Dungeon Crawl Stone Soup version 0.16.1-11-g651b585 (webtiles) character file.

56 Sachiko the Ducker (level 3, 0/28 HPs)
             Began as a Demonspawn Gladiator on Apr 2, 2015.
             Slain by a gnoll
             ... wielding a +0 spear
              (1 damage)
             ... on level 2 of the Dungeon.
             The game lasted 00:03:51 (1637 turns).

Sachiko the Ducker (Demonspawn Gladiator)           Turns: 1637, Time: 00:03:51

Health: 0/28       AC:  4    Str: 16    XL:     3   Next: 71%
Magic:  3/3        EV: 19    Int:  9    God:
Gold:   87         SH:  0    Dex: 18    Spells: 0 memorised, 2 levels left

rFire  . . .     SeeInvis .     l - +2 short sword (elec)
rCold  . . .     Clarity  .     b - +0 leather armour
rNeg   . . .     SustAb   .     (no shield)
rPois  .         Gourm    .     c - +0 helmet
rElec  .         Spirit   .     (no cloak)
rCorr  .         Warding  .     (no gloves)
rMut   .         Stasis   .     (no boots)
MR     .....                    (no amulet)
Stlth  ++........               (no ring)
                                (no ring)

@: agile, not resistant to hostile enchantments, unstealthy
A: powered by pain 1, rot immunity
a: no special abilities


You were on level 2 of the Dungeon.
You were hungry.

You visited 1 branch of the dungeon, and saw 2 of its levels.

You collected 87 gold pieces.

Inventory:

Hand weapons
 a - a +0 long sword
 l - a +2 short sword of electrocution (weapon)
Missiles
 d - 3 throwing nets (quivered)
Armour
 b - a +0 leather armour (worn)
 c - a +0 helmet (worn)
Jewellery
 u - an uncursed ring of ice
Scrolls
 e - a scroll of enchant weapon
 i - a scroll of magic mapping
Books
 n - a Grand Grimoire {highlevel, unknown}

   This book is beyond your current level of understanding.

   Spells                             Type                      Level
   a - Aura of Abjuration             Summoning                    6
   b - Summon Greater Demon           Summoning                    7
   c - Malign Gateway                 Summoning/Translocation      7
   d - Summon Horrible Things         Summoning                    8
Comestibles
 f - 2 bread rations
 j - a slice of pizza
 q - a meat ration
 s - 4 fruits


   Skills:
 + Level 2.6 Fighting
 + Level 0.6(1.9) Short Blades
 - Level 2.9(3.0) Long Blades
 - Level 1.7 Throwing
 + Level 3.6 Dodging


You had 2 spell levels left.
You didn't know any spells.

Dungeon Overview and Level Annotations

Branches:
Dungeon (2/15)

Altars:
Trog


Innate Abilities, Weirdness & Mutations

You sometimes gain a little power by taking damage.
You are immune to rotting.


Message History

The gnoll closely misses you.
The gnoll hits you from afar with a spear.
You hit the gnoll.
The gnoll is moderately wounded.
The gnoll hits you with a spear. The gnoll closely misses you.
You hit the gnoll.
There is a sudden explosion of sparks!
You kill the gnoll!
The gnoll hits you from afar with a spear.
The gnoll closely misses you. The gnoll misses you.
You see here a spear.
You barely miss the gnoll.
The gnoll hits you from afar with a halberd!
* * * LOW HITPOINT WARNING * * *
You focus on the pain.
You feel agile all of a sudden. The gnoll hits you but does no damage.
You hit the gnoll.
The gnoll is heavily wounded.
The gnoll hits you with a spear.
You die...

#._.#.# #.#.# #.##
*...#.# #.#.####.##
*.ยง.#.#
#.#......(. *...#.#
#.######.#.
*#.##.###.######.#(
#g#.............#(
#g##............#.
#g######.#####.##.
#@# #.# #)##. #.#
#.# #.... #.#
#.#####..#. #.#
#.#........ #.#
#.#.###..#. #.#
#.#.##..... #.##
#.......... #..#
###........ ##.#
#.#......


You could see 3 gnolls.

Vanquished Creatures
  An adder (D:2)
  A gnoll (D:2)
  A worm (D:2)
  A giant gecko (D:2)
  An ooze (D:1)
  3 bats
  2 giant cockroaches
  7 goblins
  2 hobgoblins (D:2)
  2 kobolds (D:1)
  A giant newt (D:2)
  8 rats
30 creatures vanquished.

Notes
Turn   | Place    | Note
--------------------------------------------------------------
     0 | D:1      | Sachiko, the Demonspawn Gladiator, began the quest for the Orb.
     0 | D:1      | Reached XP level 1. HP: 16/16 MP: 1/1
   414 | D:1      | Gained mutation: You are immune to rotting. [demonic ancestry]
   414 | D:1      | Reached XP level 2. HP: 11/22 MP: 2/2
   527 | D:1      | Reached skill level 3 in Dodging
   860 | D:2      | Gained mutation: You sometimes gain a little power by taking damage. [demonic ancestry]
   860 | D:2      | Reached XP level 3. HP: 24/27 MP: 3/3
  1621 | D:2      | Found a bloodstained altar of Trog.
  1636 | D:2      | HP: 1/28 [gnoll/halberd (12)]
  1637 | D:2      | Slain by a gnoll

Action                   || total
-------------------------++-------
Melee: Long sword        ||    20
       Short sword       ||    89
  Use: Scroll            ||     5
       Potion            ||     4
 Stab: Sleeping          ||     1
       Distracted        ||     1
  Eat: Chunk             ||     2
